 Dungeon Crawl Stone Soup version 0.28-a0-863-g8cecda6153 (webtiles) character file.

Game seed: 17914881023329475051

7079 browni3141 the Fighter (level 11, -7/84 HPs)
             Began as a Djinni Fire Elementalist on Nov 19, 2021.
             Was a Believer of Ashenzari.
             Mangled by a boulder beetle (41 damage)
             ... on level 6 of the Dungeon.
             The game lasted 00:43:18 (17228 turns).

browni3141 the Fighter (Djinni Fire Elementalist)  Turns: 17228, Time: 00:43:25

Health: -7/84      AC:  8    Str:  7    XL:     11   Next: 30%
Gold:   481        EV: 12    Int: 19    God:    Ashenzari [**....] SH: 12 Dex: 15

rFire   + + .      SeeInvis +   v - +2 scimitar (flame)
rCold   x . .      Faith    .   y - +2 kite shield
rNeg    + . .      Spirit   .   L - +2 robe {Will+}
rPois   ∞          Reflect  .   G - +0 helmet
rElec   .          Harm     .   H - +1 cloak of the Enigmatic Hedonism {Melee, Self} (curse)
rCorr   .          Rampage  .   f - +0 pair of gloves of the Oracular Jealousy {Evo, Melee} (curse)
Will    ++...                   (boots unavailable)
Stlth   ++........              (no amulet)
HPRegen 0.24/turn               o - ring of Supernal Understanding {SInv, Melee, Evo} (curse)
MPRegen 0.00/turn               B - ring of positive energy

@: flying
A: sickness immunity, fire resistance 2, cold vulnerability 1, float, innate
caster, hp casting, extra vitality 1
a: Renounce Religion, Shatter the Chains


You were on level 6 of the Dungeon.
You worshipped Ashenzari.
Ashenzari was pleased with you.
You visited 2 branches of the dungeon, and saw 9 of its levels.

You collected 481 gold pieces.

Inventory:

Hand Weapons
 d - a +0 dagger
 v - a +2 scimitar of flaming (weapon)
 D - a +1 broad axe of flaming
 I - a +1 dagger of venom
Missiles
 t - a throwing net
Armour
 a - a +0 robe
 b - a +0 leather armour
 c - a +0 ring mail
 f - the cursed +0 pair of gloves of the Oracular Jealousy (worn) {Evo, Melee}
   (You found it on level 6 of the Dungeon)

   It has a curse which improves the following skills: Evocations: Evocations.
   Melee Combat: Short Blades, Long Blades, Axes, Maces & Flails, Polearms,
   Staves and Unarmed Combat.
 n - a +0 cloak
 y - a +2 kite shield (worn)
 E - +0 swamp dragon scales
 G - a +0 helmet (worn)
 H - the cursed +1 cloak of the Enigmatic Hedonism (worn) {Melee, Self}
   (You found it on level 7 of the Dungeon)

   It has a curse which improves the following skills: Melee Combat: Short
   Blades, Long Blades, Axes, Maces & Flails, Polearms, Staves and Unarmed
   Combat.
   Introspection: Fighting and Spellcasting.
 J - +0 acid dragon scales
 L - a +2 robe of willpower (worn)
Jewellery
 o - the cursed ring of Supernal Understanding (left hand) {SInv, Melee, Evo}
   (You found it on level 3 of the Dungeon)

   [ring of see invisible]

   SInv:      It lets you see invisible.
   It has a curse which improves the following skills: Melee Combat: Short
   Blades, Long Blades, Axes, Maces & Flails, Polearms, Staves and Unarmed
   Combat.
   Evocations: Evocations.
 B - a ring of positive energy (right hand)
Wands
 j - a wand of flame (15)
 m - a wand of iceblast (17)
Scrolls
 i - 2 scrolls of enchant armour
 k - 4 scrolls of vulnerability
 l - a scroll of enchant weapon
 q - 5 scrolls of fog
 w - 2 scrolls of magic mapping
 x - a scroll of immolation
 F - 3 scrolls of silence
 K - a scroll of fear
Potions
 e - 2 potions of haste
 g - 3 potions of curing
 h - 2 potions of might
 r - 2 potions of invisibility
 s - a potion of berserk rage
 u - 2 potions of flight
 z - 2 potions of resistance
 A - a potion of lignification
 C - a potion of mutation


   Skills:
 - Level 8.0(9.5) Fighting
 - Level 0.3(3.9) Short Blades
 * Level 5.9(9.0) Long Blades
 + Level 3.6 Armour
 + Level 4.7 Dodging
 - Level 1.5 Stealth
 * Level 5.3 Shields
 * Level 8.0(9.5) Spellcasting
 - Level 3.5(5.5) Evocations


You had 3 spell levels left.
You knew the following spells:

 Your Spells              Type           Power      Damage    Failure   Level
a - Foxfire               Conj/Fire      100%       2x1d9     1%          1
b - Scorch                Fire           90%        2d9       1%          2
c - Conjure Flame         Conj/Fire      45%        6-21      1%          3
d - Inner Flame           Hex/Fire       45%        N/A       1%          3
e - Flame Wave            Conj/Fire      45%        3d9       5%          4
f - Freeze                Ice            100%       1d11      1%          1
g - Passwall              Tmut/Erth      37%        N/A       1%          2
h - Stone Arrow           Conj/Erth      90%        3d12      1%          3
i - Teleport Other        Tloc           45%        N/A       1%          3
j - Ice Form              Ice/Tmut       45%        N/A       5%          4
Your spell library was empty.

Dungeon Overview and Level Annotations

Branches:
Dungeon (8/15)             Temple (1/1) D:5
   Lair: D:8-11

Altars:
Ashenzari
Cheibriados
Dithmenos
Elyvilon
Fedhas
Hepliaklqana
Kikubaaqudgha
Makhleb
Nemelex Xobeh
Okawaru
Qazlal
Ru
Sif Muna
Trog
Uskayaw
Vehumet
Wu Jian
Xom
Yredelemnul
Zin
The Shining One

Annotations:
D:7 Harold
D:8 3 runed translucent doors, Hubris850's ghost, novice MiFi


Innate Abilities, Weirdness & Mutations

You are immune to sickness and miasma.
You are immune to poison.
Your flesh is very heat resistant. (rF++)
You are vulnerable to cold. (rC-)
You float through the air rather than walking.
You learn spells naturally, not from books.
Your magical power is your life essence.
You have superior vitality. (+4 HP)


Message History

The boulder beetle is heavily wounded.
The foxfire hits the boulder beetle but does no damage.
The boulder beetle is heavily wounded.
Casting: Foxfire (safe; 1% risk of failure)
Confirm with . or Enter, or press ? or * to list all spells.
Aiming: Stone Arrow (safe; 1% risk of failure)
Press: ? - help, Shift-Dir - straight line, f - boulder beetle
Aim: a boulder beetle (sparse dust, heavily wounded, rolling, 100% to hit)
The stone arrow hits the boulder beetle!
The boulder beetle is heavily wounded.
Casting: Stone Arrow (safe; 1% risk of failure)
Confirm with . or Enter, or press ? or * to list all spells.
Aiming: Stone Arrow (safe; 1% risk of failure)
Press: ? - help, Shift-Dir - straight line, f/p - boulder beetle
Aim: a boulder beetle (heavily wounded, rolling, 100% to hit)
The stone arrow hits the boulder beetle but does no damage.
The boulder beetle is heavily wounded.
The boulder beetle stops rolling and uncurls.
Casting: Stone Arrow (safe; 1% risk of failure)
Confirm with . or Enter, or press ? or * to list all spells.
Aiming: Stone Arrow (safe; 1% risk of failure)
Press: ? - help, Shift-Dir - straight line, f/p - boulder beetle
Aim: a boulder beetle (heavily wounded, 100% to hit)
The stone arrow hits the boulder beetle!
The boulder beetle is severely wounded.
The boulder beetle leaps!
The boulder beetle curls into a ball and begins rolling!
Casting: Stone Arrow (safe; 1% risk of failure)
Confirm with . or Enter, or press ? or * to list all spells.
The fire begins to smoulder!
The boulder beetle smothers the flame.
Casting: Conjure Flame (safe; 1% risk of failure)
Confirm with . or Enter, or press ? or * to list all spells.
Aiming: Stone Arrow (safe; 1% risk of failure)
Press: ? - help, Shift-Dir - straight line, f/p - boulder beetle
Aim: a boulder beetle (severely wounded, rolling, 100% to hit)
The stone arrow hits the boulder beetle.
The boulder beetle is severely wounded.
The boulder beetle hits you!!!
You die...

#.###.#####......§§.....#.#.#.
#.#......##.###...§..####.#.#.
#.#.#.##.##.# #...§_.# #.#.#.
###.#.#.##.##.# #.....§####.#.#.
##...#.#.##.##.# ##.......##.#.#?
...###.#.##.##.# #.......##...#.
...# #.#.##.##.# #.......##.#.#.
...###.#.##.##.#####..######.###.
.......#.##.##..@B°°...........#.
...#####.##.#<#######..........#.
#### #.##.#.# ##.........#.
#.##.#.# #.........## #.##.#.#
#........... #.##.#.###
##.......### #.##.#.○.#
#.......... #######.##.###.#
#..###.####
#....[..##.###'#######..###.#


You could see a boulder beetle (rolling).

Vanquished Creatures
  A hydra (D:6)
  Erica (D:7)
  Pikel (D:6)
  An ugly thing (D:7)
  Maggie (D:7)
  The ghost of browni3141 the Skirmisher, a novice DjFE of Ashenzari (D:5)
  An unseen horror (D:7)
  Sigmund (D:2)
  A vampire (D:7)
  A vampire mosquito (D:7)
  2 acid dragons (D:7)
  The ghost of Daunt the Sneak, an amateur KoDe of Hepliaklqana (D:4)
  A water moccasin (D:5)
  2 black bears (D:5)
  The ghost of ALWAYSlose the Skirmisher, an amateur DsBe of Trog (D:3)
  An ogre (D:5)
  4 centaurs
  A kobold brigand (D:8)
  4 bullfrogs
  2 gnoll sergeants
  A wyvern zombie (D:5)
  5 scorpions
  A wyvern skeleton (D:5)
  8 wights
  3 howler monkeys
  6 electric eels (D:6)
  A bullfrog zombie (D:6)
  A centaur zombie (D:7)
  2 centaur skeletons
  5 hounds
  4 orc priests
  A gnoll shaman (D:5)
  2 bullfrog skeletons
  Jessica (D:2)
  4 iguanas
  A scorpion zombie (D:5)
  4 orc wizards (D:7)
  2 killer bee zombies
  Robin (D:2)
  A howler monkey skeleton (D:7)
  17 gnolls
  6 adders
  A shadow imp (D:7)
  2 white imps
  An ufetubus (D:5)
  4 worms
  3 dart slugs
  20 orcs
  4 bats
  5 endoplasms
  6 giant cockroaches
  16 goblins
  8 hobgoblins
  3 quokkas
  4 ball pythons
  2 frilled lizards (D:1)
  13 kobolds
  5 rats
203 creatures vanquished.

Vanquished Creatures (collateral kills)
  6 foxfires
6 creatures vanquished.

Vanquished Creatures (others)
  573 foxfires
  4 plants (D:6)
  2 withered plants (D:5)
579 creatures vanquished.

Grand Total: 788 creatures vanquished

Notes
Turn   | Place    | Note
-------+----------+-------------------------------------------
     0 | D:1      | browni3141 the Djinni Fire Elementalist began the quest for
                  | the Orb.
     0 | D:1      | Reached XP level 1. HP: 15/15 MP: 0/0
   103 | D:1      | Found a faded altar of an unknown god.
   191 | D:1      | Reached skill level 1 in Fighting
   191 | D:1      | Reached XP level 2. HP: 17/22 MP: 0/0
   689 | D:1      | Reached XP level 3. HP: 25/27 MP: 0/0
   689 | D:1      | Learned a level 1 spell: Freeze
  1546 | D:2      | Reached XP level 4. HP: 31/33 MP: 0/0
  1644 | D:2      | Noticed Jessica
  1647 | D:2      | Killed Jessica
  1820 | D:2      | Noticed Robin
  1826 | D:2      | Reached XP level 5. HP: 35/40 MP: 0/0
  1826 | D:2      | Learned a level 2 spell: Passwall
  1864 | D:2      | Killed Robin
  2035 | D:2      | Noticed Sigmund
  2832 | D:3      | Found a shimmering altar of Xom.
  2833 | D:3      | Found a sacrificial altar of Ru.
  2833 | D:3      | Found an iron altar of Okawaru.
  3375 | D:3      | You are sucked into a shaft and drop 3 floors!
  3450 | D:6      | Reached XP level 6. HP: 27/46 MP: 0/0
  3639 | D:6      | Noticed a black bear
  3971 | D:6      | Found a shadowy altar of Dithmenos.
  4000 | D:5      | Entered Level 5 of the Dungeon
  4076 | D:5      | Found an ornate altar of the Wu Jian Council.
  4127 | D:5      | Reached XP level 7. HP: 30/53 MP: 0/0
  4127 | D:5      | Learned a level 3 spell: Stone Arrow
  4715 | D:5      | Reached skill level 5 in Fighting
  5090 | D:5      | Reached skill level 5 in Spellcasting
  5243 | D:5      | Reached XP level 8. HP: 55/61 MP: 0/0
  5398 | D:5      | Found a staircase to the Ecumenical Temple.
  6105 | Temple   | Entered the Ecumenical Temple
  6112 | Temple   | Became a worshipper of Ashenzari the Shackled
  6456 | D:5      | Found a runed translucent door.
  6460 | D:5      | Noticed browni3141's ghost (novice DjFE)
  7399 | D:4      | Found a large runed translucent door.
  7400 | D:4      | Found a large runed translucent door.
  7402 | D:4      | Noticed Daunt's ghost (amateur KoDe)
  7647 | D:4      | Found a basalt altar of Yredelemnul.
  7965 | D:4      | Found a stormy altar of Qazlal.
  7966 | D:4      | Found a white marble altar of Elyvilon.
  8058 | D:4      | Found a sparkling altar of Nemelex Xobeh.
  8105 | D:4      | Reached * piety under Ashenzari
  8181 | D:4      | Killed Daunt's ghost
  8182 | D:4      | Reached skill level 1 in Evocations
  8182 | D:4      | Reached XP level 9. HP: 47/68 MP: 0/0
  8182 | D:4      | Learned a level 3 spell: Teleport Other
  8429 | D:3      | Found a runed translucent gate.
  8430 | D:3      | Noticed ALWAYSlose's ghost (amateur DsBe)
  8431 | D:3      | Found a runed translucent gate.
  8432 | D:3      | Found a runed translucent gate.
  8441 | D:3      | Killed ALWAYSlose's ghost
  8442 | D:3      | Reached skill level 1 in Long Blades
  8519 | D:2      | Killed Sigmund
  8723 | D:5      | Killed browni3141's ghost
  9666 | D:6      | Noticed a boulder beetle
 11822 | D:7      | Reached skill level 1 in Shields
 11823 | D:7      | Noticed Pikel
 12025 | D:6      | Killed Pikel
 12026 | D:6      | Reached skill level 1 in Armour
 12026 | D:6      | Reached XP level 10. HP: 37/76 MP: 0/0
 12338 | D:7      | Noticed Maggie
 12352 | D:7      | Killed Maggie
 13064 | D:7      | Noticed a red ugly thing
 13066 | D:7      | Noticed an unseen horror
 13078 | D:7      | Killed an unseen horror
 13725 | D:7      | Reached skill level 5 in Long Blades
 13762 | D:7      | Noticed a four-headed hydra
 14769 | D:8      | Noticed Erica
 14782 | D:8      | Reached ** piety under Ashenzari
 15046 | D:8      | Found a runed translucent gate.
 15048 | D:8      | Found a runed translucent gate.
 15048 | D:8      | Found a runed translucent gate.
 15051 | D:8      | Noticed Hubris850's ghost (novice MiFi)
 15076 | D:8      | Reached XP level 11. HP: 70/84 MP: 0/0
 15076 | D:8      | Learned a level 4 spell: Ice Form
 15604 | D:8      | Noticed Harold
 15708 | D:7      | Killed a red ugly thing
 16335 | D:7      | Killed Erica
 16336 | D:7      | Reached skill level 5 in Shields
 16425 | D:6      | Killed a one-headed hydra
 17228 | D:6      | Mangled by a boulder beetle

Illustrated notes

Levels and vault maps discovered:
D:1:      denvon_arrival_waterhouse, layout_basic, basic_ecumenical_altar,
          minmay_misc_feat_cross, kennysheep_minor_cross,
          minmay_worlds_worst_comb
D:2:      layout_rooms, st_stairs_7, uniq_sigmund, uniq_robin, uniq_jessica
D:3:      layout_loops_ring, gammafunk_temple_overflow_claw,
          ebering_ghost_rock_garden
D:4:      layout_basic, nemelex_dance_club_becter,
          nicolae_overflow_hidden_temple, ebering_ghost_disaster_area
D:5:      layout_basic, mainiacjoe_overflow_catwalk, minmay_temple_entry_wispy,
          gammafunk_ghost_grave, minmay_hedge_maze, minmay_diced_spiral
D:6:      cheibrodos_two_vegetables, layout_basic, grunt_dithmenos_smoke
D:7:      minmay_chambers_of_sevens, layout_cave_pools, corexii_checkpoint_a,
          uniq_pikel, uniq_maggie
D:8:      layout_basic, gammafunk_ghost_spectres, uniq_harold, uniq_erica
Temple:   nicolae_temple_x_marks_the_god

Skill      XL: |  1  2  3  4  5  6  7  8  9 10 11 |
---------------+----------------------------------+-----
Fighting       | 1 2 3 4 5 7 8 |  8.0
Spellcasting   | 3 4 5 6 7 8 |  8.0
Evocations     | 1 3 |  3.5
Long Blades    | 3 5 |  5.9
Shields        | 2 4 5 |  5.3
Armour         | 1 3 |  3.6
Dodging        | 4 |  4.7
Short Blades   | |  0.3
Stealth        | |  1.5

Action                   |  1- 3 |  4- 6 |  7- 9 | 10-12 || total
-------------------------+-------+-------+-------+-------++-------
Melee: Unarmed           |     6 |       |       |       ||     6
       Dagger            |    37 |    75 |    91 |   101 ||   304
       Broad axe         |       |       |       |     1 ||     1
       Scimitar          |       |       |       |    10 ||    10
 Cast: Foxfire           |    29 |    79 |   192 |    40 ||   340
       Freeze            |     1 |       |       |       ||     1
       Stone Arrow       |       |       |    22 |    28 ||    50
       Scorch            |       |       |    25 |    45 ||    70
       Passwall          |       |       |     3 |     2 ||     5
       Teleport Other    |       |       |       |     7 ||     7
       Flame Wave        |       |       |       |     7 ||     7
       Conjure Flame     |       |       |       |     4 ||     4
Invok: Curse Item        |       |       |     2 |     1 ||     3
Evoke: Wand              |       |       |     3 |       ||     3
  Use: Scroll            |       |     4 |     5 |     4 ||    13
       Potion            |       |       |       |     2 ||     2
 Stab: Sleeping          |     4 |     3 |     2 |     1 ||    10
Armor: Robe              |    15 |    23 |    56 |    39 ||   133
Dodge: Dodged            |    35 |    49 |   116 |    70 ||   270
Block: Kite shield       |       |       |    55 |   114 ||   169

Table legend: (Time is in decaauts)
 A = Elapsed time spent in this place.
 B = Non-inter-level travel time spent in this place.
 C = Inter-level travel time spent in this place.
 D = Time resting spent in this place.
 E = Time spent auto-exploring this place.
 F = Levels seen in this place.
 G = Mean time per level.
                   A        B        C        D        E       F      G
               +--------+--------+--------+--------+--------+-----+--------+
         Total |  17310 |  16531 |    779 |   4230 |   9217 |   9 | 1923.3 |
       Dungeon |  17235 |  16463 |    772 |   4230 |   9163 |   8 | 2154.4 |
        Temple |     75 |     68 |      7 |      0 |     54 |   1 |   75.0 |
               +--------+--------+--------+--------+--------+-----+--------+

Top non-repeatable levels by time:
     D:6: 4937 daAuts
     D:5: 3693 daAuts
     D:7: 2786 daAuts
     D:1: 1434 daAuts
     D:3: 1237 daAuts
     D:4: 1106 daAuts
     D:8: 1036 daAuts
     D:2: 1004 daAuts
  Temple: 75 daAuts
